Map: Lockdown LE

Players

Red

  • Race: Terran Terran
  • League: Grandmaster
  • Spawn Location: 1:00

RipNHammer - Winner!

  • Race: Terran Terran
  • League: Master
  • Spawn Location: 7:00

VOD

Have the link to the VOD?

Description

Time

  • Played on: Sept. 7, 2026, 2:04 p.m.
  • Length: 8:24
Show
View Real Time Build Order
Export as new Build Order

Red Terran 

Build Orders: Reaper Expand 

Get SALT Encoding   

  8  0:00  SCV  
  9  0:12  SCV  
  10  0:24  SCV  
  11  0:28  Supply Depot  
  11  0:36  SCV  
  11  0:41  Refinery  
  12  0:48  SCV  
  13  1:00  SCV  
  14  1:08  Barracks  
  14  1:14  SCV  
  15  1:26  SCV  
  16  1:39  SCV  
  17  1:55  Orbital Command  
  17  1:56  Reaper  
  18  2:07  Factory  
  18  2:20  Command Center  
  18  2:24  SCV  
  19  2:32  Barracks Reactor  
  19  2:36  Supply Depot  
  19  2:38  SCV  
  20  2:50  SCV  
  21  3:02  Starport  
  21  3:03  SCV  
  21  3:05  Refinery  
  22  3:15  SCV, Hellion x2  
  27  3:20  Barracks Tech Lab  
  27  3:27  SCV  
  27  3:32  Supply Depot  
  28  3:35  Orbital Command  
  28  3:44  SCV  
  28  3:46  Hellion  
  31  3:49  Hellion  
  33  3:57  Refinery  
  33  4:00  Raven  
  35  4:03  SCV  
  35  4:04  SCV  
  32  4:21  SCV x2  
  30  4:27  Hellion x2  
  31  4:33  SCV x2  
  33  4:45  SCV x2  
  35  4:48  Hellion x2  
  38  4:57  SCV  
  38  4:58  SCV  
  38  5:03  Raven, Interference Matrix  
  40  5:09  SCV  
  40  5:10  SCV  
  42  5:14  Hellion  
  42  5:15  Barracks Tech Lab  
  42  5:18  Hellion  
  46  5:22  SCV x2, Barracks Tech Lab  
  46  5:28  Supply Depot  
  48  5:34  SCV  
  52  5:50  SCV x2, Raven  
  52  5:53  Supply Depot  
  51  6:02  SCV x2  
  41  6:19  SCV x2  
  41  6:20  Marine x2  
  41  6:21  Siege Tank  
  46  6:31  Raven, SCV x2  
  48  6:36  Barracks  
  48  6:38  Barracks  
  48  6:39  Command Center  
  47  6:43  SCV x2  
  47  6:46  Marine x2  
  51  6:53  Cyclone  
  54  6:55  Supply Depot, SCV x2  
  56  7:05  Refinery  
  56  7:07  SCV x2, Engineering Bay  
  60  7:08  Raven, Engineering Bay  
  60  7:13  Marine x2  
  62  7:19  SCV x2  
  62  7:21  Supply Depot  
  62  7:22  Supply Depot  
  64  7:24  Barracks Reactor  
  64  7:25  Barracks Reactor  
  64  7:31  SCV  
  64  7:32  SCV  
  66  7:38  Barracks x2  
  66  7:40  Siege Tank  
  66  7:43  SCV  
  66  7:44  SCV  
  68  7:56  SCV  
  67  8:00  SCV x2  
  63  8:08  SCV  
Show
View Real Time Build Order
Export as new Build Order

RipNHammer Terran - Winner!

Build Orders: Mech 

Get SALT Encoding   

  8  0:00  SCV  
  9  0:12  SCV  
  10  0:24  SCV  
  11  0:37  SCV  
  12  0:44  Supply Depot  
  12  0:49  SCV  
  13  1:05  SCV, Refinery  
  13  1:07  Barracks  
  14  1:14  Refinery  
  14  1:17  SCV  
  15  1:30  SCV  
  16  1:42  SCV  
  18  1:58  Reaper  
  18  1:59  Orbital Command  
  18  2:09  Factory  
  18  2:22  Supply Depot  
  18  2:24  SCV  
  19  2:32  Barracks Reactor  
  19  2:37  SCV  
  20  2:49  SCV  
  21  2:57  Command Center  
  21  3:03  Hellion  
  23  3:08  Reaper  
  23  3:09  Reaper  
  23  3:10  SCV  
  26  3:21  Starport  
  26  3:25  Hellion  
  28  3:30  Supply Depot  
  28  3:32  SCV  
  29  3:49  Factory Tech Lab  
  29  3:51  Reaper x2, SCV  
  32  3:59  Starport Tech Lab  
  32  4:03  SCV  
  32  4:08  SCV  
  34  4:12  Refinery  
  33  4:22  SCV  
  34  4:32  Orbital Command  
  30  4:39  Raven, Interference Matrix  
  30  4:41  Marine  
  30  4:42  Marine, SCV  
  35  4:56  SCV  
  33  5:03  Marine x2  
  33  5:05  SCV  
  38  5:12  SCV  
  39  5:15  Raven  
  39  5:17  Command Center, Refinery  
  39  5:21  Cyclone, Marine  
  41  5:22  SCV  
  41  5:23  Marine  
  44  5:29  SCV  
  44  5:30  Supply Depot  
  44  5:34  SCV  
  46  5:39  Marine  
  46  5:41  SCV, Marine  
  49  5:43  Supply Depot  
  49  5:46  SCV  
  50  5:53  SCV  
  51  5:58  Siege Tank  
  51  5:59  Raven  
  51  6:04  SCV  
  57  6:05  SCV  
  57  6:10  Factory  
  53  6:16  Marine x2  
  49  6:34  Siege Tank  
  49  6:35  Raven, SCV x2  
  49  6:38  Orbital Command  
  56  6:44  Marine  
  56  6:45  Marine  
  58  6:47  SCV  
  59  6:58  Factory Tech Lab, Factory  
  59  7:00  SCV  
  60  7:03  Marine x2  
  60  7:05  SCV  
  60  7:06  Siege Tank  
  60  7:08  SCV  
  67  7:16  SCV  
  67  7:18  Raven  
  67  7:19  Siege Tank  
  73  7:27  Marine x2  
  73  7:28  SCV  
  76  7:31  Supply Depot  
Tags
 
Composition
Mech
Matchup
TvT
Race
Terran
Replay Pack
RipNHammer
Spawn Locations
Cross Positions
Add a new tag
Caveats
  • Supply blocks, unpowered buildings, or Contaminate may cause inaccurate times.
  • Supply counts are checked every 10 seconds.